 Dungeon Crawl Stone Soup version 0.28.0-53-g5a82cb258f (webtiles) character file.

Game seed: 18246522997322573115

67 concernfroge the Conjurer (level 3, 0/19 HPs)
             Began as a Deep Elf Conjurer on June 18, 2022.
             Slain by a goblin
             ... wielding a +0 club
             ... led by Robin
              (6 damage)
             ... on level 2 of the Dungeon.
             The game lasted 00:03:35 (1624 turns).

concernfroge the Conjurer (Deep Elf Conjurer)       Turns: 1624, Time: 00:03:36

Health: 0/19       AC:  2    Str:  4    XL:     3   Next: 98%
Magic:  4/10       EV: 12    Int: 24    God:
Gold:   89         SH:  0    Dex: 13    Spells: 4/10 levels left

rFire   . . .      SeeInvis .   (no weapon)
rCold   . . .      Faith    .   (no shield)
rNeg    . . .      Spirit   .   a - +0 robe
rPois   .          Reflect  .   (no helmet)
rElec   .          Harm     .   (no cloak)
rCorr   .          Rampage  .   (no gloves)
Will    .....                   (no boots)
Stlth   ++........              (no amulet)
HPRegen 0.06/turn               (no ring)
MPRegen 0.12/turn               (no ring)

@: no status effects
A: no striking features
a: no special abilities


You were on level 2 of the Dungeon.
You visited 1 branch of the dungeon, and saw 2 of its levels.

You collected 89 gold pieces.

Inventory:

Armour
 a - a +0 robe (worn)
Jewellery
 b - a ring of see invisible
Scrolls
 f - a scroll of identify {unknown}
 g - 2 scrolls of teleportation {unknown}
Potions
 c - a potion of cancellation {unknown}
 e - 2 potions of curing {unknown}


   Skills:
 - Level 2.4 Dodging
 - Level 2.4 Stealth
 + Level 4.4 Spellcasting
 + Level 5.2 Conjurations
 + Level 1.5 Hexes


You had 4 spell levels left.
You knew the following spells:

 Your Spells              Type           Power      Damage    Failure   Level
a - Magic Dart            Conj           100%       1d8       1%          1
b - Searing Ray           Conj           60%        2d6       1%          2
c - Dazzling Flash        Conj/Hex       42%        N/A       7%          3

Your spell library contained the following spells:

 Spells                   Type           Power      Damage    Failure   Level
 Fulminant Prism          Conj/Hex       10%        3d9       24%         4
 Iskenderun's Mystic Bla  Conj/Tloc      17%        2d5       32%         4


Dungeon Overview and Level Annotations

Branches:
Dungeon (2/15)

Altars:

Annotations:
D:2 Natasha, Robin


Message History

Aim: a goblin, wielding a +0 club (100% to hit)
The magic dart hits the goblin.
You kill the goblin!
The goblin shouts!
Robin roars a battlecry!
The goblins go into a battle-frenzy!
A goblin comes into view. It is wielding a +0 club.
Casting: Magic Dart (safe; 1% risk of failure)
Confirm with . or Enter, or press ? or * to list all spells.
Aiming: Magic Dart (safe; 1% risk of failure)
Press: ? - help, Shift-Dir - straight line, f - goblin
Aim: a goblin, wielding a +0 dagger (strong, 100% to hit)
The magic dart hits the goblin.
The goblin is moderately wounded.
A goblin comes into view. It is wielding a +0 club.
Robin throws the goblin at you!
A hobgoblin comes into view.
Casting: Magic Dart (safe; 1% risk of failure)
Confirm with . or Enter, or press ? or * to list all spells.
Aiming: Magic Dart (safe; 1% risk of failure)
Press: ? - help, Shift-Dir - straight line, f - goblin, p - goblin
Aim: a goblin, wielding a +0 club (wandering, strong, hasn't noticed you, 100% to hit)
The magic dart hits the goblin.
You kill the goblin!
The hobgoblin shouts!
Robin throws the goblin at you! The goblin misses you.
Casting: Magic Dart (safe; 1% risk of failure)
Confirm with . or Enter, or press ? or * to list all spells.
Aiming: Magic Dart (safe; 1% risk of failure)
Press: ? - help, Shift-Dir - straight line, f - goblin
Aim: a goblin, wielding a +0 club (strong, 100% to hit)
The magic dart hits the goblin.
The goblin is almost dead.
Natasha, Servant of Life and Death comes into view.
The goblin hits you with a +0 club. The goblin hits you with a +0 dagger.
As you read the scroll labelled NIGASTRIDIYV, it crumbles to dust.
It is a scroll of enchant weapon.
You aren't carrying any weapons that can be enchanted.
The goblin hits you with a +0 club.
You die...

#.....[.# #.#..#
#.# #.......#
##...## #.#
#.......#####...##
#.#
#..............##
#####.#
#.......####...##
#.....# #.......#
#....####......
#######.#
##.(...........
#.###
#..#####......
#.g@# #.## #......
###g# ### #.....#
#g# #.....# #g#
#.....# #.#
####### #g#


gg# ... You could see Robin, 2 hobgoblins and 4 goblins.

Vanquished Creatures
  An iguana (D:2)
  A worm (D:2)
  A dart slug (D:1)
  2 ball pythons
  3 endoplasms
  A giant cockroach (D:2)
  6 goblins
  5 hobgoblins
  2 bats (D:1)
  2 frilled lizards
  6 kobolds (D:1)
  4 rats
34 creatures vanquished.

Vanquished Creatures (others)
  A withered plant (D:1)
1 creature vanquished.

Grand Total: 35 creatures vanquished

Notes
Turn   | Place    | Note
-------+----------+-------------------------------------------
     0 | D:1      | concernfroge the Deep Elf Conjurer began the quest for the
                  | Orb.
     0 | D:1      | Reached XP level 1. HP: 10/10 MP: 6/6
   323 | D:1      | Reached XP level 2. HP: 15/15 MP: 3/8
   326 | D:1      | Learned a level 2 spell: Searing Ray
   365 | D:1      | Found a faded altar of an unknown god.
  1294 | D:2      | Reached skill level 5 in Conjurations
  1294 | D:2      | Reached XP level 3. HP: 19/19 MP: 8/10
  1298 | D:2      | Learned a level 3 spell: Dazzling Flash
  1323 | D:2      | Reached skill level 1 in Hexes
  1617 | D:2      | Identified the -4 helmet of Inviolability {Regen+ rCorr
                  | Str+10 Int-4}
  1617 | D:2      | Noticed Robin
  1623 | D:2      | Noticed Natasha
  1624 | D:2      | Slain by a goblin

Illustrated notes

Levels and vault maps discovered:
D:1:      mushboom_english_gardens, layout_rooms,
          ebering_ecumenical_altar_petrified, minmay_parallelograms,
          minmay_misc_feat_more_columns, nrook_uturn, roderic_serpentine_path
D:2:      layout_rooms, uniq_natasha, uniq_crazy_yiuf_cottage, uniq_robin

Skill      XL: |  1  2  3 |
---------------+----------+-----
Spellcasting   | 4 |  4.4
Conjurations   | 5 |  5.2
Hexes          | 1 |  1.5
Dodging        | |  2.4
Stealth        | |  2.4

Action                   || total
-------------------------++-------
 Cast: Magic Dart        ||    60
       Searing Ray       ||     2
  Use: Scroll            ||     1
Armor: Robe              ||     1
Dodge: Dodged            ||     5
